 Dungeon Crawl Stone Soup version 0.28-a0-630-g0357d9c091 (webtiles) character file.

Game seed: 5851132064409074350

7882 Ijustatesigmund the Cudgeller (level 11, -2/85 HPs)
             Began as a Gnoll Wanderer on Oct 9, 2021.
             Was a Believer of Cheibriados.
             Slain by a shadow (6 damage)
             ... on level 10 of the Dungeon.
             The game lasted 00:23:42 (9764 turns).

Ijustatesigmund the Cudgeller (Gnoll Wanderer)      Turns: 9764, Time: 00:23:43

Health: -2/85      AC: 12    Str: 17    XL:     11   Next: 22%
Magic:  20/20      EV: 13    Int: 17    God:    Cheibriados [**....]
Gold:   219        SH:  8    Dex: 19    Spells: 22/22 levels left

rFire   . . .      SeeInvis .   a - +3 whip (elec)
rCold   . . .      Faith    .   g - +2 buckler {reflect}
rNeg    . . .      Spirit   .   b - +2 scale mail
rPois   .          Reflect  +   (no helmet)
rElec   .          Harm     .   (no cloak)
rCorr   .          Rampage  .   c - +1 pair of gloves
Will    .....                   (no boots)
Stlth   ++........              q - amulet of regeneration
HPRegen 1.24/turn               (no ring)
MPRegen 0.17/turn               (no ring)

@: very slow
A: fangs 1, strong nose, distributed training
a: Renounce Religion, Bend Time


You were on level 10 of the Dungeon.
You worshipped Cheibriados.
Cheibriados was pleased with you.
You visited 1 branch of the dungeon, and saw 10 of its levels.

You collected 442 gold pieces.
You spent 223 gold pieces at shops.

Inventory:

Hand Weapons
 a - a +3 whip of electrocution (weapon)
 d - a +1 antimagic flail
Missiles
 i - 5 atropa-tipped darts (quivered)
 l - 3 throwing nets
 u - a silver javelin
Armour
 b - a +2 scale mail (worn)
 c - a +1 pair of gloves (worn)
 g - a +2 buckler of reflection (worn)
Jewellery
 q - an amulet of regeneration (around neck)
 v - a ring of ice
Wands
 m - a wand of paralysis (10)
 n - a wand of flame (10)
 o - a wand of polymorph (10)
 y - a wand of acid (8)
Scrolls
 e - 4 scrolls of identify
 f - a scroll of immolation
 k - 2 scrolls of teleportation
 A - 2 scrolls of magic mapping
Potions
 h - 2 potions of attraction
 j - 2 potions of magic
 p - a potion of might
 r - a potion of mutation
 s - a potion of brilliance {unknown}
 z - a potion of flight
Miscellaneous
 x - a phantom mirror (inert)


   Skills:
 + Level 7.7 Fighting
 + Level 6.1 Short Blades
 + Level 6.6 Long Blades
 + Level 6.1 Axes
 + Level 7.7 Maces & Flails
 + Level 6.1 Polearms
 + Level 6.1 Staves
 + Level 6.1 Slings
 + Level 6.1 Bows
 + Level 6.1 Crossbows
 + Level 6.1 Throwing
 + Level 6.6 Armour
 + Level 6.6 Dodging
 + Level 6.6 Stealth
 + Level 6.6 Shields
 + Level 6.1 Unarmed Combat
 + Level 6.1 Spellcasting
 + Level 5.0 Conjurations
 + Level 5.0 Hexes
 + Level 5.0 Summonings
 + Level 5.0 Necromancy
 + Level 5.0 Translocations
 + Level 5.0 Transmutations
 + Level 5.0 Fire Magic
 + Level 5.0 Ice Magic
 + Level 5.0 Air Magic
 + Level 5.0 Earth Magic
 + Level 5.0 Poison Magic
 + Level 6.7 Invocations
 + Level 6.6 Evocations


You had 22 spell levels left.
You didn't know any spells.
Your spell library contained the following spells:

 Spells                   Type           Power      Damage    Failure   Level
 Foxfire                  Conj/Fire      88%        2x1d8     4%          1
 Ensorcelled Hibernation  Hex/Ice        44%        N/A       7%          2
 Conjure Flame            Conj/Fire      22%        6-21      14%         3
 Inner Flame              Hex/Fire       22%        N/A       14%         3
 Spider Form              Tmut/Pois      11%        N/A       14%         3
 Flame Wave               Conj/Fire      22%        3d6       43%         4


Dungeon Overview and Level Annotations

Branches:
Dungeon (10/15)            Temple (0/1) D:7
   Lair: D:8-11         Orc: D:9-12

Altars:
Cheibriados
Elyvilon
Gozag
Nemelex Xobeh
Trog
Wu Jian

Shops:
D:2 *   D:4 ?   D:8 *


Innate Abilities, Weirdness & Mutations

You have very sharp teeth.
Your uncanny sense of smell can sniff out nearby items.
Your experience applies equally to all skills.


Message History

You are too injured to fight recklessly!
You are too injured to fight recklessly!
You are too injured to fight recklessly!
You are too injured to fight recklessly!
You are too injured to fight recklessly!
You are too injured to fight recklessly!
You are too injured to fight recklessly!
You are too injured to fight recklessly!
You are too injured to fight recklessly!
You are too injured to fight recklessly!
You are too injured to fight recklessly!
You are too injured to fight recklessly!
The centaur warrior unwields a +0 longbow.
The centaur warrior misses you.
The centaur warrior kicks you but does no damage.
The centaur warrior hits you!
The centaur warrior kicks you but does no damage.
The shadow strikes at you from the darkness!
* * * LOW HITPOINT WARNING * * *
Reactivating autopickup.
Okay, then.
Okay, then.
You feel better.
The centaur warrior completely misses you.
You block the centaur warrior's attack. The shadow hits you.
The centaur warrior misses you.
The centaur warrior kicks you but does no damage.
You whack the centaur warrior!
You bite the centaur warrior, but do no damage.
The centaur warrior is almost dead.
The centaur warrior hits you!
* * * LOW HITPOINT WARNING * * *
The centaur warrior kicks you but does no damage.
You block the shadow's attack.
You feel better. The centaur warrior hits you.
* * * LOW HITPOINT WARNING * * *
The centaur warrior kicks you.
* * * LOW HITPOINT WARNING * * *
The shadow hits you.
You die...

#.........###
#.....###.#
#.....# #.#
#.....# #.#
#.....# #.#
#.....# #.#
#.....###.#
#.........#
#.@W.......
#.c.#....##
#...#....#
#...#......
#...#......
#.... .....
##### ####


You could see a centaur warrior and a shadow.

Vanquished Creatures
  Fannar (D:10)
  Erolcha (D:10)
  A two-headed ogre (D:9)
  A gargoyle (D:9)
  Maggie (D:6)
  Grinder (D:3)
  A hornet (D:9)
  Prince Ribbit (D:5)
  A shadow (D:9)
  3 yaks (D:10)
  Sigmund (D:5)
  A wyvern (D:7)
  Eustachio (D:4)
  A wraith (D:8)
  Edmund (D:5)
  Menkaure (D:6)
  2 water moccasins
  3 orc warriors (D:7)
  4 black bears
  An ice beast (D:5)
  3 centaurs
  An ogre (D:7)
  2 phantoms
  2 kobold brigands (D:7)
  A gnoll sergeant (D:8)
  5 bullfrogs
  A scorpion (D:4)
  A water moccasin zombie (D:5)
  A wyvern skeleton (D:7)
  3 killer bees (D:8)
  6 wights
  6 electric eels (D:7)
  A howler monkey (D:8)
  A bullfrog skeleton (D:5)
  2 centaur zombies
  A gnoll shaman (D:5)
  7 orc priests
  4 hounds
  Jessica (D:3)
  A centaur skeleton (D:6)
  Ijyb (D:3)
  2 iguanas
  5 orc wizards
  A killer bee zombie (D:6)
  9 gnolls
  2 adders
  2 white imps (D:6)
  2 ufetubi (D:5)
  2 adder skeletons
  2 worms (D:3)
  2 dart slugs
  26 orcs
  A ball python (D:4)
  3 endoplasms
  4 giant cockroaches
  5 goblins
  7 hobgoblins
  3 jackals (D:1)
  A bat (D:3)
  4 frilled lizards
  3 kobolds
  4 rats
169 creatures vanquished.

Vanquished Creatures (others)
  5 plants (D:7)
5 creatures vanquished.

Grand Total: 174 creatures vanquished

Notes
Turn   | Place    | Note
-------+----------+-------------------------------------------
     0 | D:1      | Ijustatesigmund the Gnoll Wanderer began the quest for the
                  | Orb.
     0 | D:1      | Ijustatesigmund set off with the following items: a +0
                  | mace, a +2 scale mail, a piece from Xom's chessboard
                  | (15/15)
     0 | D:1      | Reached XP level 1. HP: 20/20 MP: 1/1
   154 | D:1      | Found a faded altar of an unknown god.
   234 | D:1      | Reached XP level 2. HP: 15/26 MP: 2/2
  1014 | D:2      | Identified a scroll of acquirement
  1014 | D:2      | Acquired a +1 buckler of reflection
  1263 | D:2      | Found Ymi Opse's General Store.
  1266 | D:2      | Bought a scroll of identify for 24 gold pieces
  1513 | D:3      | Reached XP level 3. HP: 31/31 MP: 3/3
  1809 | D:3      | Noticed Grinder
  1826 | D:3      | Paralysed by Grinder for 7 turns
  1838 | D:3      | Paralysed by Grinder for 3 turns
  1842 | D:3      | Killed Grinder
  1843 | D:3      | Reached skill level 1 in Short Blades
  1843 | D:3      | Reached skill level 1 in Axes
  1843 | D:3      | Reached skill level 1 in Polearms
  1843 | D:3      | Reached skill level 1 in Staves
  1843 | D:3      | Reached skill level 1 in Slings
  1843 | D:3      | Reached skill level 1 in Bows
  1843 | D:3      | Reached skill level 1 in Crossbows
  1843 | D:3      | Reached skill level 1 in Throwing
  1843 | D:3      | Reached skill level 1 in Unarmed Combat
  1843 | D:3      | Reached skill level 1 in Spellcasting
  1843 | D:3      | Reached skill level 1 in Conjurations
  1843 | D:3      | Reached skill level 1 in Hexes
  1843 | D:3      | Reached skill level 1 in Summonings
  1843 | D:3      | Reached skill level 1 in Necromancy
  1843 | D:3      | Reached skill level 1 in Translocations
  1843 | D:3      | Reached skill level 1 in Transmutations
  1843 | D:3      | Reached skill level 1 in Fire Magic
  1843 | D:3      | Reached skill level 1 in Ice Magic
  1843 | D:3      | Reached skill level 1 in Air Magic
  1843 | D:3      | Reached skill level 1 in Earth Magic
  1843 | D:3      | Reached skill level 1 in Poison Magic
  1843 | D:3      | Reached XP level 4. HP: 25/38 MP: 3/6
  1843 | D:3      | Reached XP level 5. HP: 28/43 MP: 3/7
  1843 | D:3      | Reached XP level 6. HP: 32/50 MP: 3/8
  2055 | D:3      | Noticed Ijyb
  2059 | D:3      | HP: 2/50 [Ijyb/bolt of acid (26)]
  2072 | D:3      | Killed Ijyb
  2322 | D:3      | Noticed Jessica
  2335 | D:3      | Killed Jessica
  2346 | D:3      | Reached skill level 5 in Fighting
  2346 | D:3      | Reached skill level 5 in Maces & Flails
  3068 | D:4      | Noticed Eustachio
  3090 | D:4      | Killed Eustachio
  3091 | D:4      | Reached XP level 7. HP: 51/56 MP: 8/10
  3327 | D:4      | Found Wugipnuil's Magic Scroll Shoppe.
  3334 | D:4      | Bought 2 scrolls of identify for 56 gold pieces
  3334 | D:4      | Bought a scroll of teleportation for 42 gold pieces
  3427 | D:4      | Found a bloodstained altar of Trog.
  3504 | D:4      | You fall into a shaft and drop 2 floors!
  3510 | D:5      | Entered Level 5 of the Dungeon
  3889 | D:5      | Reached XP level 8. HP: 53/63 MP: 10/12
  3993 | D:5      | Noticed Edmund
  4011 | D:5      | Killed Edmund
  4206 | D:5      | Noticed Sigmund
  4224 | D:5      | Killed Sigmund
  4267 | D:5      | Noticed Prince Ribbit
  4282 | D:5      | Killed Prince Ribbit
  4678 | D:5      | Reached XP level 9. HP: 69/69 MP: 14/14
  5103 | D:6      | Noticed Menkaure
  5111 | D:6      | Killed Menkaure
  5580 | D:6      | Found a snail-covered altar of Cheibriados.
  5588 | D:6      | Became a worshipper of Cheibriados the Contemplative
  5667 | D:6      | Noticed Maggie
  5677 | D:6      | Killed Maggie
  5678 | D:6      | Reached skill level 5 in Long Blades
  5678 | D:6      | Reached skill level 5 in Armour
  5678 | D:6      | Reached skill level 5 in Dodging
  5678 | D:6      | Reached skill level 5 in Shields
  5678 | D:6      | Reached skill level 5 in Evocations
  5853 | D:6      | Found a sparkling altar of Nemelex Xobeh.
  6140 | D:6      | Reached skill level 5 in Stealth
  6599 | D:7      | Reached skill level 5 in Invocations
  7125 | D:7      | Found a staircase to the Ecumenical Temple.
  7197 | D:7      | Reached XP level 10. HP: 69/77 MP: 15/17
  7207 | D:7      | Reached * piety under Cheibriados
  7416 | D:7      | Reached skill level 5 in Short Blades
  7416 | D:7      | Reached skill level 5 in Axes
  7416 | D:7      | Reached skill level 5 in Polearms
  7416 | D:7      | Reached skill level 5 in Staves
  7416 | D:7      | Reached skill level 5 in Slings
  7416 | D:7      | Reached skill level 5 in Bows
  7416 | D:7      | Reached skill level 5 in Crossbows
  7416 | D:7      | Reached skill level 5 in Throwing
  7416 | D:7      | Reached skill level 5 in Unarmed Combat
  7416 | D:7      | Reached skill level 5 in Spellcasting
  7630 | D:7      | Identified the +3 quarterstaff of Irritation {drain, +Blink
                  | rElec Dex-3 SInv}
  7803 | D:8      | Found an opulent altar of Gozag.
  7804 | D:8      | Found an opulent altar of Gozag.
  7822 | D:8      | Found an opulent altar of Gozag.
  7863 | D:8      | Reached ** piety under Cheibriados
  7899 | D:8      | Found an ornate altar of the Wu Jian Council.
  7900 | D:8      | Found a white marble altar of Elyvilon.
  7953 | D:8      | Found an opulent altar of Gozag.
  8499 | D:8      | Found Amao's Assorted Antiques.
  8517 | D:8      | Bought a grey potion for 23 gold pieces
  8517 | D:8      | Bought a scroll of teleportation for 78 gold pieces
  8920 | D:9      | Noticed a gargoyle
  8924 | D:9      | Noticed a two-headed ogre
  8944 | D:9      | Killed a two-headed ogre
  9160 | D:9      | Killed a gargoyle
  9352 | D:10     | Entered Level 10 of the Dungeon
  9454 | D:10     | Noticed Fannar
  9468 | D:10     | Killed Fannar
  9469 | D:10     | Reached XP level 11. HP: 51/84 MP: 16/19
  9529 | D:10     | Noticed Erolcha
  9553 | D:10     | Killed Erolcha
  9554 | D:10     | Reached skill level 5 in Conjurations
  9554 | D:10     | Reached skill level 5 in Hexes
  9554 | D:10     | Reached skill level 5 in Summonings
  9554 | D:10     | Reached skill level 5 in Necromancy
  9554 | D:10     | Reached skill level 5 in Translocations
  9554 | D:10     | Reached skill level 5 in Transmutations
  9554 | D:10     | Reached skill level 5 in Fire Magic
  9554 | D:10     | Reached skill level 5 in Ice Magic
  9554 | D:10     | Reached skill level 5 in Air Magic
  9554 | D:10     | Reached skill level 5 in Earth Magic
  9554 | D:10     | Reached skill level 5 in Poison Magic
  9755 | D:10     | Noticed a centaur warrior
  9761 | D:10     | HP: 1/85 [something (27)]
  9764 | D:10     | Slain by a shadow

Illustrated notes

Levels and vault maps discovered:
D:1:      nzn_arrival_water_spiral, layout_loops_ring,
          ebering_ecumenical_altar_mist, minivault_19
D:2:      layout_basic, serial_shops, nicolae_shop_behind_doors
D:3:      layout_basic, uniq_jessica, uniq_grinder, uniq_ijyb
D:4:      layout_layer_cave, nicolae_overflow_crystal_walls, serial_shops, shop,
          uniq_eustachio
D:5:      layout_loops_ring, uniq_prince_ribbit1, uniq_edmund, uniq_sigmund
D:6:      layout_basic, cheibriados_altar_1, nemelex_spade_bored_becter,
          uniq_menkaure, uniq_maggie
D:7:      cheibrodos_two_vegetables, layout_rooms,
          minmay_temple_entry_statues_pillars
D:8:      layout_loops_cross, mainiacjoe_overflow_divided_tiny,
          nicolae_gozag_conspicuous_consumption, serial_shops,
          nicolae_stop_n_shop_1
D:9:      layout_grid_maze
D:10:     layout_stronghold, kennysheep_little_box, uniq_fannar, uniq_erolcha,
          uniq_urug

Skill      XL: |  1  2  3  4  5  6  7  8  9 10 11 |
---------------+----------------------------------+-----
Short Blades   | 1 2 3 4 5 6 |  6.1
Long Blades    | 3 4 5 6 |  6.6
Axes           | 1 2 3 4 5 6 |  6.1
Polearms       | 1 2 3 4 5 6 |  6.1
Staves         | 1 2 3 4 5 6 |  6.1
Slings         | 1 2 3 4 5 6 |  6.1
Bows           | 1 2 3 4 5 6 |  6.1
Crossbows      | 1 2 3 4 5 6 |  6.1
Throwing       | 1 2 3 4 5 6 |  6.1
Armour         | 3 4 5 6 |  6.6
Dodging        | 3 4 5 6 |  6.6
Shields        | 3 4 5 6 |  6.6
Unarmed Combat | 1 2 3 4 5 6 |  6.1
Spellcasting   | 1 2 3 4 5 6 |  6.1
Conjurations   | 1 2 3 4 5 |  5.0
Hexes          | 1 2 3 4 5 |  5.0
Summonings     | 1 2 3 4 5 |  5.0
Necromancy     | 1 2 3 4 5 |  5.0
Translocations | 1 2 3 4 5 |  5.0
Transmutations | 1 2 3 4 5 |  5.0
Fire Magic     | 1 2 3 4 5 |  5.0
Ice Magic      | 1 2 3 4 5 |  5.0
Air Magic      | 1 2 3 4 5 |  5.0
Earth Magic    | 1 2 3 4 5 |  5.0
Poison Magic   | 1 2 3 4 5 |  5.0
Invocations    | 2 3 4 5 6 |  6.7
Evocations     | 3 4 5 6 |  6.6
Stealth        | 3 4 5 6 |  6.6
Fighting       | 5 6 7 |  7.7
Maces & Flails | 5 6 7 |  7.7

Action                   |  1- 3 |  4- 6 |  7- 9 | 10-12 || total
-------------------------+-------+-------+-------+-------++-------
Melee: Mace              |    84 |    50 |       |       ||   134
       Bite              |     4 |    10 |    33 |    45 ||    92
       Whip              |       |    22 |   285 |   288 ||   595
       Flail             |       |       |    12 |       ||    12
Throw: Javelin           |       |       |     3 |       ||     3
       Dart              |       |       |     2 |     6 ||     8
Invok: Bend Time         |       |       |       |     3 ||     3
Evoke: Piece from Xom's  |       |     3 |     1 |       ||     4
       Wand              |       |     1 |    14 |    13 ||    28
       Phantom mirror    |       |       |       |     1 ||     1
  Use: Scroll            |    10 |     1 |     3 |    10 ||    24
       Potion            |     3 |     1 |       |     5 ||     9
 Stab: Paralysed         |       |    11 |     2 |    34 ||    47
       Petrified         |       |    10 |       |       ||    10
       Invisible         |       |       |     1 |     2 ||     3
       Sleeping          |       |       |       |     1 ||     1
Armor: Scale mail        |    27 |    33 |   122 |    63 ||   245
       Skin              |     8 |       |       |       ||     8
Dodge: Dodged            |    31 |    29 |   153 |   108 ||   321
Block: Buckler           |    16 |    21 |   118 |    87 ||   242
       Reflection        |       |       |     5 |     3 ||     8

Table legend: (Time is in decaauts)
 A = Elapsed time spent in this place.
 B = Non-inter-level travel time spent in this place.
 C = Inter-level travel time spent in this place.
 D = Time resting spent in this place.
 E = Time spent auto-exploring this place.
 F = Levels seen in this place.
 G = Mean time per level.
                   A        B        C        D        E       F      G
               +--------+--------+--------+--------+--------+-----+--------+
         Total |  10676 |  10450 |    226 |   2549 |   6206 |  10 | 1067.6 |
       Dungeon |  10676 |  10450 |    226 |   2549 |   6206 |  10 | 1067.6 |
               +--------+--------+--------+--------+--------+-----+--------+

Top non-repeatable levels by time:
     D:7: 1853 daAuts
     D:3: 1479 daAuts
     D:5: 1447 daAuts
     D:6: 1251 daAuts
     D:8: 1057 daAuts
     D:9: 1012 daAuts
     D:1: 862 daAuts
     D:2: 599 daAuts
     D:4: 568 daAuts
    D:10: 543 daAuts
